 Dungeon Crawl Stone Soup version 0.30.0-19-gbf45117a57 (webtiles) character file.

Game seed: 5043608506299823933

269 qw the Chopper (level 6, 0/38 HPs)
             Began as a Gargoyle Fighter on May 23, 2023.
             Killed from afar by a dart slug (4 damage)
             ... with a slug dart
             ... on level 4 of the Dungeon.
             The game lasted 00:01:18 (2935 turns).

qw the Chopper (Gargoyle Fighter)                   Turns: 2935, Time: 00:01:19

Health: 0/38       AC: 12    Str: 22    XL:     6   Next: 22%
Magic:  0/6        EV: 10    Int:  8    God:
Gold:   173        SH:  5    Dex: 15    Spells: 5/5 levels left

rFire   . . .        Y - +1 war axe (venom)
rCold   . . .        c - +0 buckler
rNeg    + . .        b - +0 scale mail
rPois   inf          j - +0 helmet
rElec   +            (no cloak)
rCorr   .            (no gloves)
SInv    .            (no boots)
Will    .....        u - amulet of guardian spirit Stlth
                     g - +6 ring of dexterity
HPRegen 0.26/turn    (no ring)
MPRegen 0.10/turn

%: guardian spirit
@: about to teleport
A: sickness immunity, AC +4, negative energy resistance 1, electricity
resistance, torment resistance 1, petrification resistance
a: no special abilities


You were on level 4 of the Dungeon.
You visited 1 branch of the dungeon, and saw 4 of its levels.

You collected 173 gold pieces.


Innate Abilities, Weirdness & Mutations

You are immune to sickness and miasma.
Your stone body is resilient. (AC +4)
You are immune to poison.
You resist negative energy. (rN+)
You are resistant to electric shocks. (rElec)
You are resistant to unholy torment.
You are immune to petrification.


   Skills:
 - Level 4.1 Fighting
 + Level 5.2 Axes
 - Level 3.2 Armour
 - Level 1.0 Dodging
 - Level 3.2 Shields


You had 5 spell levels left.
You didn't know any spells.
Your spell library was empty.

Inventory:

Hand Weapons
 a - a +0 mace
 Y - a +1 war axe of venom (weapon)
Armour
 b - a +0 scale mail (worn)
 c - a +0 buckler (worn)
 j - a +0 helmet (worn)
Jewellery
 e - a ring of ice
 g - a +6 ring of dexterity (left hand)
 u - an amulet of guardian spirit (around neck)
Scrolls
 l - a scroll of teleportation
 o - 2 scrolls of identify
Potions
 d - a potion of might
 f - a potion of haste
 h - 4 potions of curing
 m - a potion of lignification

Dungeon Overview and Level Annotations

Branches:
Dungeon (4/15)
 Temple: D:4-7

Altars:
Vehumet


Message History

You block the orc's attack.
The orc priest mumbles some strange prayers to Beogh against you.
Beogh smites you!
Ijyb zaps a wand.
The puff of flame misses you.
2929 ||| READING 3 scrolls of teleportation.
As you read the scroll of teleportation, it crumbles to dust.
You feel strangely unstable.
You kill Ijyb!
The orc barely misses you.
The orc priest calls upon Beogh to heal the orc.
The orc is healed somewhat.
Your Fighting skill increases to level 4!
You have reached level 6!
You closely miss the orc.
The orc is lightly wounded.
You closely miss the orc.
You kill the orc priest!
You block the orc's attack. The orc hits you but does no damage. x3
You barely miss the orc.
The orc is lightly wounded.
You hit the orc but do no damage.
The orc is poisoned.
You hit the orc.
The orc is poisoned.
Your surroundings suddenly seem different.
An adder comes into view.
Found 5 stones.
The adder hisses angrily.
A dart slug comes into view.
2932 ||| READING 2 scrolls of teleportation.
As you read the scroll of teleportation, it crumbles to dust.
You feel strangely unstable.
You feel a bit more experienced. x2
The adder closely misses you.
You completely miss the adder. You block the adder's attack.
The adder bites you. The dart slug launches a dart at you.
The slug dart misses you.
You closely miss the adder. The adder bites you.
The dart slug launches a dart at you. The slug dart hits you.
You die... ooK.....

.#########
.#.......#######
.#..............
.#..............
.'..............
.#..............######
##...........w.S.....#
##.......# #(@....#
...####### #......#
...# ######## ...#
####


You could see an adder and a dart slug.

Vanquished Creatures
  An orc priest (D:4)
  Natasha (thrice) (D:2)
  Terence (D:3)
  Ijyb (D:4)
  4 adders
  3 worms
  A dart slug (D:2)
  4 orcs
  8 ball pythons
  5 bats
  6 endoplasms
  6 giant cockroaches
  7 goblins
  6 hobgoblins
  2 kobolds
  2 quokkas
  3 frilled lizards
  2 rats (D:1)
65 creatures vanquished.

Notes
Turn   | Place    | Note
-------+----------+-------------------------------------------
     0 | D:1      | qw the Gargoyle Fighter began the quest for the Orb.
     0 | D:1      | Reached XP level 1. HP: 14/14 MP: 1/1
     0 | D:1      | 0 ||| qw: Version: 0.2-a-98-g5d7165a
     0 | D:1      | 0 ||| qw: Game counter: 35
     0 | D:1      | 0 ||| qw: Always use a shield: true
     0 | D:1      | 0 ||| qw: God list: Okawaru
     0 | D:1      | 0 ||| qw: Allow faded altars: false
     0 | D:1      | 0 ||| qw: Do Orc after D:15 true
     0 | D:1      | 0 ||| qw: Do second Lair branch before Depths: true
     0 | D:1      | 0 ||| qw: Lair rune preference: random
     0 | D:1      | 0 ||| qw: Plans: Normal, Zot:1-4, God:TSO, Crypt, Tomb,
                  | Pan, Slime:5, Hells, Abyss, Win
     0 | D:1      | 0 ||| PLANNING D:1-11
   144 | D:1      | Reached skill level 2 in Axes
   249 | D:1      | Reached XP level 2. HP: 19/19 MP: 2/2
  1107 | D:1      | 1107 ||| UPGRADING to +0 helmet.
  1112 | D:1      | 1112 ||| READING scroll labelled REDIRA UCRO.
  1113 | D:1      | 1113 ||| READING scroll labelled SOUCOL AZ QIONT.
  1117 | D:1      | 1117 ||| READING scroll labelled XOTOICOGGA.
  1118 | D:1      | 1118 ||| READING scroll labelled KYCSEQ MONIUMUST.
  1119 | D:1      | 1119 ||| READING 2 scrolls labelled ZEUFIE GIOWA.
  1120 | D:1      | 1120 ||| DRINKING 2 sedimented dark potions.
  1224 | D:1      | 1224 ||| DROPPING potion of berserk rage.
  1274 | D:2      | Reached skill level 3 in Axes
  1287 | D:2      | Reached XP level 3. HP: 22/23 MP: 3/3
  1340 | D:2      | 1340 ||| Stepping ~*~*~tactically~*~*~ (hiding).
  1344 | D:2      | 1344 ||| Stepping ~*~*~tactically~*~*~ (hiding).
  1346 | D:2      | 1346 ||| Stepping ~*~*~tactically~*~*~ (hiding).
  1516 | D:2      | Noticed Natasha
  1523 | D:2      | Killed Natasha
  1524 | D:2      | Reached skill level 4 in Axes
  1524 | D:2      | Reached XP level 4. HP: 20/28 MP: 4/4
  1627 | D:2      | Identified the +1 hand axe of Evisceration {speed, rC-
                  | Int+3 Dex+3}
  1629 | D:2      | 1629 ||| DROPPING +1 hand axe of Evisceration {speed, rC-
                  | Int+3 Dex+3}.
  1644 | D:2      | Found a radiant altar of Vehumet.
  1683 | D:2      | Found a faded altar of an unknown god.
  1897 | D:2      | Noticed Natasha
  1910 | D:2      | Killed Natasha
  1911 | D:2      | Reached XP level 5. HP: 23/32 MP: 5/5
  2035 | D:2      | Noticed Natasha
  2043 | D:2      | Killed Natasha
  2044 | D:2      | Reached skill level 5 in Axes
  2086 | D:2      | 2086 ||| DROPPING +2 hat.
  2087 | D:2      | 2087 ||| UPGRADING to amulet of guardian spirit.
  2092 | D:2      | 2092 ||| UPGRADING to +6 ring of dexterity.
  2093 | D:2      | 2093 ||| READING 2 scrolls labelled RATIBOLOAST.
  2094 | D:2      | 2094 ||| READING scroll labelled IGIULU ALOSH.
  2095 | D:2      | 2095 ||| READING scroll labelled XUSESA DIOP.
  2096 | D:2      | 2096 ||| READING scroll labelled FOUKIG LYITYLE.
  2097 | D:2      | 2097 ||| READING scroll labelled KADOIJAIDD.
  2098 | D:2      | 2098 ||| DRINKING 2 coppery potions.
  2099 | D:2      | 2099 ||| DRINKING 2 glowing grey potions.
  2100 | D:2      | 2100 ||| DRINKING 2 orange potions.
  2101 | D:2      | 2101 ||| READING 2 scrolls of identify.
  2101 | D:2      | 2101 ||| IDENTIFYING red potion
  2102 | D:2      | 2102 ||| DROPPING potion of brilliance.
  2103 | D:2      | 2103 ||| DROPPING potion of invisibility.
  2104 | D:2      | 2104 ||| DROPPING potion of flight.
  2105 | D:2      | 2105 ||| DROPPING scroll of amnesia.
  2166 | D:3      | Noticed Terence
  2173 | D:3      | Killed Terence
  2174 | D:3      | Reached skill level 1 in Dodging
  2179 | D:3      | 2179 ||| DROPPING +0 club.
  2879 | D:3      | 2879 ||| DROPPING scarf of invisibility.
  2880 | D:3      | 2880 ||| DROPPING +2 hat.
  2881 | D:3      | 2881 ||| READING 3 scrolls labelled JIATSY IDACEG.
  2882 | D:3      | 2882 ||| READING 3 scrolls of identify.
  2882 | D:3      | 2882 ||| IDENTIFYING fuming pink potion
  2883 | D:3      | 2883 ||| DROPPING 2 scrolls of magic mapping.
  2920 | D:4      | Noticed Ijyb
  2921 | D:4      | 2921 ||| Stepping ~*~*~tactically~*~*~ (hiding).
  2928 | D:4      | HP: 4/33 [orc priest/divine providence (14)]
  2929 | D:4      | 2929 ||| READING 3 scrolls of teleportation.
  2929 | D:4      | Killed Ijyb
  2930 | D:4      | Reached XP level 6. HP: 5/38 MP: 1/6
  2932 | D:4      | 2932 ||| READING 2 scrolls of teleportation.
  2934 | D:4      | HP: 6/38 [adder (1)]
  2935 | D:4      | Killed from afar by a dart slug

Levels and vault maps discovered:
D:1:      ncdulo_halloftheorcs, layout_basic, grunt_decor_arrowhead
D:2:      layout_basic, ebering_ecumenical_altar_rust, basic_altar,
          minmay_joined_circles, uniq_natasha
D:3:      layout_basic, uniq_terence
D:4:      layout_basic, ashenzari_altar_1, grunt_decor_cap, uniq_blork_the_orc,
          uniq_ijyb

Skill      XL: |  1  2  3  4  5 |
---------------+----------------+-----
Axes           | 2 3 4 5 |  5.2
Dodging        | 1 |  1.0
Fighting       | 4 |  4.1
Armour         | |  3.2
Shields        | |  3.2

Action                     |  1- 3 |  4- 6 || total
---------------------------+-------+-------++-------
  Melee: War axe           |    72 |   103 ||   175
    Use: Scroll            |     5 |    10 ||    15
         Potion            |     1 |     3 ||     4
 Armour: Scale mail        |    42 |    40 ||    82
  Dodge: Dodged            |    32 |    49 ||    81
  Block: Buckler           |     9 |    10 ||    19

Table legend:
 A = Non-vault XP
 B = Vault XP
 C = Vault XP percentage of total XP
 D = Non-vault monster count
 E = Vault monster count
 F = Vault count percentage of total count
                 A         B        C        D         E       F
            +---------+---------+-------+---------+---------+-------
      Total |     252 |     133 |  34.5 |      49 |      16 |  24.6
            +---------+---------+-------+---------+---------+-------
        D:1 |      28 |       0 |   0.0 |      17 |       0 |   0.0
        D:2 |     138 |      65 |  32.0 |      17 |      14 |  45.2
        D:3 |      34 |      36 |  51.4 |      11 |       1 |   8.3
        D:4 |      52 |      32 |  38.1 |       4 |       1 |  20.0
            +---------+---------+-------+---------+---------+-------
